 Dungeon Crawl Stone Soup version 0.30.0-10-gfe55d96785 (webtiles) character file.

Game seed: 3305409706259061886

20934 KingMidas the Skirmisher (level 13, -4/98 (106) HPs)
             Began as a Formicid Hunter on May 15, 2023.
             Was an Initiate of Gozag.
             Slain by Frances
             ... wielding a +1 glaive of venom
              (11 damage)
             ... on level 12 of the Dungeon.
             The game lasted 00:39:13 (10497 turns).

KingMidas the Skirmisher (Formicid Hunter)         Turns: 10497, Time: 00:39:13

HP:   -4/98 (106)   AC:  7    Str: 18    XL:     13   Next: 16%
MP:   0/13          EV: 17    Int: 10    God:    Gozag
Gold: 1773          SH:  0    Dex: 25    Spells: 12/12 levels left

rFire   . . .        a - +2 shortbow
rCold   . . .        (no shield)
rNeg    + . .        v - +1 troll leather armour {Pargi}
rPois   +            (helmet unavailable)
rElec   .            o - +0 cloak
rCorr   +            (no gloves)
SInv    +            (no boots)
Will    ++...        G - amulet of guardian spirit
Stlth   ++           I - ring "Pacytimoza" {rN+ Will+ rCorr Dex+6}
HPRegen 1.16/turn    A - ring of poison resistance
MPRegen 0.13/turn

%: guardian spirit
@: lethally poisoned (-4 -> -5), drained
A: permanent stasis, dig shafts and tunnels, antennae 3, four strong arms
a: Dig, Shaft Self, Renounce Religion, Potion Petition, Call Merchant, Bribe
Branch


You were on level 12 of the Dungeon.
You worshipped Gozag.
Gozag was most pleased with you.
You visited 2 branches of the dungeon, and saw 13 of its levels.
You also visited: Sewer, Ossuary and Bailey.

You collected 2111 gold pieces.
You spent 207 gold pieces at shops.
You paid 131 gold pieces to Gozag.

Inventory:

Hand Weapons
 a - a +2 shortbow (weapon)
Missiles
 k - 34 poisoned darts
 n - 17 boomerangs
 D - 4 curare-tipped darts
Armour
 o - a +0 cloak (worn)
 t - a +3 leather armour
 v - a +1 troll leather armour (worn) {Pargi}
 C - a +0 tower shield
 J - a +0 kite shield
Jewellery
 z - an amulet of magic regeneration
 A - a ring of poison resistance (right hand)
 B - a ring of flight
 F - a ring of willpower
 G - an amulet of guardian spirit (around neck)
 I - the ring "Pacytimoza" (left hand) {rN+ Will+ rCorr Dex+6}
   (You bought it in a shop on level 7 of the Dungeon)

   [ring of dexterity]

   Dex:       It affects your dexterity (+6).
   rN:        It protects you from negative energy.
   rCorr:     It protects you from acid and corrosion.
   Will:      It increases your willpower.
 L - an amulet of the acrobat
Wands
 q - a wand of charming (4)
 w - a wand of flame (52)
Scrolls
 b - 2 scrolls of immolation
 c - 4 scrolls of torment
 r - 3 scrolls of magic mapping
 x - 3 scrolls of fog
 y - 3 scrolls of amnesia
 H - 2 scrolls of identify
 M - a scroll of enchant weapon
Potions
 d - 4 potions of might
 f - 7 potions of curing
 g - 3 potions of brilliance
 h - 4 potions of invisibility
 i - 2 potions of attraction
 j - 4 potions of heal wounds
 l - 5 potions of mutation
 m - 4 potions of ambrosia
 p - a potion of resistance
 s - 7 potions of lignification
 u - a potion of flight
 E - 3 potions of magic


   Skills:
 + Level 11.5 Fighting
 * Level 14.9 Ranged Weapons
 + Level 7.0 Armour
 + Level 6.2 Dodging
 - Level 1.2 Stealth
 + Level 8.3 Shields


You had 12 spell levels left.
You didn't know any spells.
Your spell library contained the following spells:

 Spells                   Type           Power      Damage    Failure   Level
 Magic Dart               Conj           0%         1d3       41%         1
 Sandblast                Erth           0%         2d4       41%         1
 Lesser Beckoning         Tloc           0%         N/A       54%         2
 Passwall                 Tmut/Erth      0%         N/A       54%         2
 Searing Ray              Conj           0%         2d4       54%         2
 Gell's Gravitas          Tloc           0%         N/A       78%         3
 Stone Arrow              Conj/Erth      0%         3d7       78%         3
 Teleport Other           Tloc           0%         N/A       78%         3
 Fulminant Prism          Conj/Hex       0%         3d5       99%         4


Dungeon Overview and Level Annotations

Branches:
Dungeon (12/15)            Temple (1/1) D:7            Lair (0/5) D:8
    Orc (0/2) D:11          Sewer (visited)         Ossuary (visited)
 Bailey (visited)

Altars:
Ashenzari
Cheibriados
Dithmenos
Elyvilon
Fedhas
Gozag
Hepliaklqana
Kikubaaqudgha
Makhleb
Nemelex Xobeh
Okawaru
Qazlal
Ru
Sif Muna
Trog
Uskayaw
Vehumet
Wu Jian
Xom
Yredelemnul
Zin
The Shining One

Shops:
D:2 ?   D:7 *

Annotations:
D:12 Frances


Innate Abilities, Weirdness & Mutations

You cannot be hasted, slowed, berserked, paralysed or teleported.
You can dig through walls and to a lower floor.
You have a pair of large antennae on your head. (SInv)
Your four strong arms can wield two-handed weapons with a shield.


Message History

You shoot an arrow. The arrow misses the sixfirhy.
You feel very sick.
You are too injured to fight recklessly!
You are too injured to fight recklessly!
You are too injured to fight recklessly!
You are too injured to fight recklessly!
Unknown command.
You feel very sick.
You feel very sick. The sixfirhy closely misses you.
The sixfirhy attacks as you move away! The sixfirhy barely misses you.
You feel very sick. The sixfirhy completely misses you. The sixfirhy hits you!
The sixfirhy shocks you!
* * * LOW HITPOINT WARNING * * *
The sixfirhy hits you!
* * * LOW HITPOINT WARNING * * *
The sixfirhy shocks you!
* * * LOW HITPOINT WARNING * * *
Unknown command.
Okay, then.
Okay, then.
You feel much better.
You feel sick. The sixfirhy closely misses you.
Frances mutters in a terrible tongue.
Frances seems to speed up.
The sixfirhy attacks as you move away! The sixfirhy hits you.
The sixfirhy shocks you!
* * * LOW HITPOINT WARNING * * *
You feel sick.
Are you sure you want to shaft yourself?
You feel sick. The sixfirhy misses you.
You begin to dig a shaft.
You continue digging a shaft.
You feel sick. The sixfirhy misses you. The sixfirhy completely misses you.
The sixfirhy hits you!
* * * LOW HITPOINT WARNING * * *
The sixfirhy shocks you!
* * * LOW HITPOINT WARNING * * *
Frances hits you from afar with a +1 glaive of venom!
You die...
Your body crumbles into a pile of gold.

#...#..... ......
#...#..... ......#
#...#..... ......#
#...#....##......#..
#...#....#.......#..
#...#....+..........
#...#........#.....
#..<#....3@.##....
#####...###[@#.##..#
............##.{..#
...........##..#.##
....####......##4.......
.... .....#.##..#....$#
### #.....##....##...?.#
......##..#.# #.#..
......... #... .# .
####.... ...{ .


You could see Frances (fast) and a sixfirhy (summoned).

Vanquished Creatures
  An orc warlord (Bailey)
  A two-headed ogre (D:10)
  A boulder beetle (D:9)
  A tengu warrior (D:8)
  Sonja (D:10)
  An ugly thing (D:11)
  A cyclops (D:11)
  Joseph (D:8)
  An unseen horror (D:10)
  A kobold demonologist (D:11)
  A troll (D:10)
  Grinder (D:4)
  3 wraiths
  A shadow (D:11)
  A wyvern (D:8)
  4 vampires
  A basilisk (D:8)
  9 yaks
  2 acid dragons (D:11)
  A warg (D:11)
  2 water moccasins
  2 ice beasts (D:8)
  2 black bears
  Pargi (Sewer)
  11 orc warriors
  3 sky beasts
  2 ogres
  5 centaurs
  A phantom (D:6)
  Blork the orc (D:4)
  A bullfrog (D:7)
  7 kobold brigands
  A gnoll sergeant (D:8)
  13 scorpions
  11 wights
  5 killer bees (D:8)
  8 howler monkeys
  2 electric eels (D:10)
  2 human zombies (Ossuary)
  A jelly (D:6)
  7 orc priests
  A centaur zombie (Ossuary)
  A hound (D:6)
  A gnoll bouda (D:7)
  5 scorpion zombies (Ossuary)
  2 iguanas
  15 orc wizards
  3 mummies (Ossuary)
  16 gnolls
  7 adders
  2 white imps
  3 worms
  A dart slug (D:1)
  60 orcs
  7 endoplasms
  8 giant cockroaches
  5 gnoll zombies (Ossuary)
  9 goblins
  22 hobgoblins
  2 jackals (Sewer)
  5 quokkas
  7 ball pythons
  6 bats
  3 frilled lizards
  2 hobgoblin zombies (Ossuary)
  16 kobolds
  A kobold zombie (Ossuary)
  2 orc zombies (Ossuary)
  4 rats
  A spectral orc (D:7)
339 creatures vanquished.

Vanquished Creatures (collateral kills)
  3 gnolls
  A worm (D:4)
  3 orcs (D:7)
  A goblin (Bailey)
  A kobold (D:4)
9 creatures vanquished.

Vanquished Creatures (others)
  A hornet (D:7)
  A yak (D:10)
2 creatures vanquished.

Grand Total: 350 creatures vanquished

Notes
Turn   | Place    | Note
-------+----------+-------------------------------------------
     0 | D:1      | KingMidas the Formicid Hunter began the quest for the Orb.
     0 | D:1      | Reached XP level 1. HP: 16/16 MP: 1/1
    47 | D:1      | You fall into a shaft and drop 1 floor!
    68 | D:2      | Reached XP level 2. HP: 22/23 MP: 2/2
    95 | D:2      | Found Ricaynez's Magic Scroll Emporium.
   123 | D:2      | Reached XP level 3. HP: 16/28 MP: 3/3
   981 | D:2      | Reached skill level 5 in Ranged Weapons
   981 | D:2      | Reached XP level 4. HP: 35/35 MP: 4/4
  1348 | D:3      | Found a faded altar of an unknown god.
  1445 | D:3      | Found a glowing golden altar of the Shining One.
  1883 | D:3      | Found a burning altar of Makhleb.
  2189 | D:4      | Noticed Blork the orc
  2255 | D:4      | Noticed a scorpion
  2262 | D:4      | Killed a scorpion
  2263 | D:4      | Reached XP level 5. HP: 25/42 MP: 5/5
  2266 | D:4      | Noticed Grinder
  2327 | D:4      | Found a bloodstained altar of Trog.
  2459 | D:4      | Noticed a black bear
  2486 | D:4      | Killed a black bear
  2487 | D:4      | Reached skill level 6 in Ranged Weapons
  2487 | D:4      | Reached XP level 6. HP: 13/48 MP: 6/6
  2598 | D:4      | Killed Blork the orc
  2646 | D:4      | Found a glowing drain.
  2655 | Sewer    | Entered a sewer
  2816 | Sewer    | Noticed Pargi
  2833 | Sewer    | Killed Pargi
  2834 | Sewer    | Reached skill level 7 in Ranged Weapons
  2834 | Sewer    | Reached XP level 7. HP: 41/55 MP: 7/7
  3123 | D:4      | Found a stormy altar of Qazlal.
  3161 | D:4      | Killed Grinder
  3162 | D:4      | Reached skill level 5 in Fighting
  3593 | D:5      | Entered Level 5 of the Dungeon
  3593 | D:5      | Found a radiant altar of Vehumet.
  3614 | D:5      | Found a sand-covered staircase.
  3623 | Ossuary  | Entered an ossuary
  3645 | Ossuary  | Reached XP level 8. HP: 63/63 MP: 8/8
  3674 | Ossuary  | Reached skill level 8 in Ranged Weapons
  3872 | Ossuary  | Reached skill level 9 in Ranged Weapons
  4071 | Ossuary  | Reached XP level 9. HP: 71/71 MP: 9/9
  4195 | D:5      | Found a blossoming altar of Fedhas.
  4613 | D:6      | Reached skill level 10 in Ranged Weapons
  5211 | D:7      | Noticed a hornet
  5223 | D:7      | Reached skill level 11 in Ranged Weapons
  5257 | D:7      | Reached XP level 10. HP: 47/80 MP: 4/10
  5384 | D:7      | Found a staircase to the Ecumenical Temple.
  5442 | Temple   | Entered the Ecumenical Temple
  5607 | Temple   | Became a worshipper of Gozag Ym Sagoz the Greedy
  5690 | D:7      | Found Kebuelez's Assorted Antiques.
  5704 | D:7      | Bought a shimmering golden ring for 115 gold pieces
  5704 | D:7      | Identified the ring "Pacytimoza" {rN+ Will+ rCorr Dex+6}
                  | (You bought it in a shop on level 7 of the Dungeon)
  5704 | D:7      | Bought a scroll of poison for 92 gold pieces
  5745 | D:7      | Reached skill level 12 in Ranged Weapons
  5916 | D:7      | Found a basalt altar of Yredelemnul.
  6045 | D:8      | Reached skill level 1 in Shields
  6132 | D:8      | Reached skill level 1 in Armour
  6275 | D:8      | Found a large runed translucent door.
  6276 | D:8      | Found a large runed translucent door.
  6280 | D:8      | Found a staircase to the Lair.
  6559 | D:8      | Noticed a tengu warrior
  6583 | D:8      | Killed a tengu warrior
  6648 | D:8      | Found an ancient bone altar of Kikubaaqudgha.
  6993 | D:8      | Noticed Joseph
  7024 | D:8      | Killed Joseph
  7025 | D:8      | Reached XP level 11. HP: 47/90 MP: 5/11
  7079 | D:8      | Found a hide-covered altar of Uskayaw.
  7082 | D:8      | Found a hazy altar of Hepliaklqana.
  7280 | D:9      | Noticed a boulder beetle
  7421 | D:9      | Found a flagged portal.
  7444 | Bailey   | Entered a bailey
  7712 | Bailey   | Noticed an orc warlord
  7790 | Bailey   | Reached skill level 10 in Fighting
  7790 | Bailey   | Reached skill level 13 in Ranged Weapons
  7790 | Bailey   | Reached skill level 5 in Armour
  7790 | Bailey   | Reached skill level 5 in Dodging
  7790 | Bailey   | Reached XP level 12. HP: 91/99 MP: 8/12
  7810 | Bailey   | Killed an orc warlord
  7811 | Bailey   | Reached skill level 14 in Ranged Weapons
  8412 | D:9      | Killed a boulder beetle
  8550 | D:10     | Entered Level 10 of the Dungeon
  8823 | D:10     | Noticed Sonja
  8828 | D:10     | Noticed a two-headed ogre
  9058 | D:10     | Killed Sonja
  9059 | D:10     | Killed a two-headed ogre
  9081 | D:10     | Found a shadowy altar of Dithmenos.
  9652 | D:11     | Reached XP level 13. HP: 106/106 MP: 13/13
  9694 | D:11     | Found a staircase to the Orcish Mines.
 10481 | D:12     | Noticed Frances
 10497 | D:12     | Slain by Frances

Illustrated notes

Levels and vault maps discovered:
D:1:      dpeg_arrival_stone_temple_mockup, layout_loops_cross,
          chequers_serial_rivers_micro_e
D:2:      layout_rooms, serial_shops, shop, chequers_decorated_corner,
          minmay_unequal
D:3:      layout_basic, mainiacjoe_overflow_alcove_4,
          mainiacjoe_overflow_concentric_impassable, serial_curves,
          eino_curves_02, eino_curves_02,
          hellmonk_ecumenical_altar_inner_sanctum, minmay_box_of_dots
D:4:      layout_basic, kennysheep_mini_moat, trog_antimagical,
          cheibrodos_sewer_entry_sluice, chequers_serial_rivers_micro_b,
          uniq_blork_the_orc, uniq_grinder
D:5:      layout_rooms, fedhas_altar_2, overflow_temple_1_default,
          nicolae_ossuary_entry_ruins
D:6:      layout_rooms, minivault_24
D:7:      layout_rooms, yredelemnul_forgotten_temple_becter,
          minmay_temple_entry_overgrown, serial_shops, nicolae_shop_crystal
D:8:      layout_cave_pods, jmf_multi_god_temple2, mainiacjoe_overflow_paths,
          david_lair_generic, chequers_serial_rivers_room_a,
          small_chamber_with_monster, kennysheep_generic_room_3, uniq_joseph
D:9:      layout_loops_ring, enter_bailey_4, chequers_serial_rivers_small_a
D:10:     layout_basic, mainiacjoe_overflow_catwalk, kennysheep_generic_room_8,
          uniq_sonja
D:11:     layout_loops_ring, erik_orc_3
D:12:     layout_irregular_city, nicolae_wwwww, minmay_misc_feat_pillars,
          uniq_frances
Temple:   jpeg_temple_clearing

Skill      XL: |  1  2  3  4  5  6  7  8  9 10 11 12 13 |
---------------+----------------------------------------+-----
Fighting       | 3 4 5 6 8 9 10 11 | 11.5
Ranged Weapons | 5 6 7 9 11 12 13 14 | 14.9
Dodging        | 3 5 6 |  6.2
Shields        | 3 6 7 8 |  8.3
Armour         | 2 5 6 7 |  7.0
Stealth        | |  1.2

Action                     |  1- 3 |  4- 6 |  7- 9 | 10-12 | 13-15 || total
---------------------------+-------+-------+-------+-------+-------++-------
   Fire: Shortbow          |    84 |   150 |   446 |   672 |   149 ||  1501
  Throw: Dart              |       |       |       |     2 |     2 ||     4
         Throwing net      |       |       |       |     1 |       ||     1
Ability: Dig               |       |       |       |     2 |     1 ||     3
         Shaft Self        |       |       |       |       |     1 ||     1
  Evoke: Wand              |       |     2 |     3 |     9 |       ||    14
    Use: Potion            |     1 |     2 |       |     2 |     2 ||     7
         Scroll            |     4 |     5 |    14 |     6 |     1 ||    30
 Armour: Leather armour    |     8 |    51 |       |       |       ||    59
         Skin              |       |     5 |       |       |       ||     5
         Troll leather arm |       |       |    83 |    54 |     8 ||   145
  Dodge: Dodged            |    22 |    96 |   152 |   218 |    46 ||   534
